IL
ROUND ROCK EXPRESS @ SALT LAKE BEES
04/10/2045
 
TOP OF THE 1ST
Round Rock Express batting - Pitching for Salt Lake Bees : RHP Dave Jackson
Pitching: RHP Dave Jackson
Batting: LHB Alejandro Soriano 0-0: Ball
1-0: Ball
2-0: Called Strike
2-1: Ball
3-1: Base on Balls
Batting: RHB Zhi-bin Ou-yang 0-0: Called Strike
Alejandro Soriano steals 2nd, throwing error, E2
Alejandro Soriano to third
0-1: Foul Ball, location: 2F
0-2: Ball
1-2: Foul Ball, location: 2F
1-2: SINGLE (Groundball, 3S, EV 63.1 MPH) (infield hit)
Alejandro Soriano scores
Batting: RHB Doug Hammertime 0-0: Ball
1-0: Fly out, F9 (Flyball, 9, EV 76.9 MPH)
Batting: RHB Luis Villanueva 0-0: Called Strike
0-1: Ball
1-1: Called Strike
Zhi-bin Ou-yang steals 2nd, throwing error, E2
Zhi-bin Ou-yang to third
1-2: SINGLE (Groundball, 6M, EV 108.1 MPH)
Zhi-bin Ou-yang scores
Batting: SHB Valentin Laporte 0-0: Foul Ball, location: 2F
0-1: SINGLE (Groundball, 4MD, EV 101.2 MPH)
Luis Villanueva to second
Batting: RHB Ernie Weathersbee 0-0: Called Strike
0-1: Ball
1-1: Ball
2-1: Foul Ball, location: 2F
2-2: Ball
Wild Pitch!
Luis Villanueva to third
Valentin Laporte to second
3-2: Strikes out looking
Batting: RHB Rodolfo Contreras 0-0: Fly out, F9 (Flyball, 9LS, EV 92.5 MPH)
Top of the 1st over - 2 runs, 3 hits, 2 errors, 2 left on base; Round Rock 2 - Salt Lake 0
BOTTOM OF THE 1ST
Salt Lake Bees batting - Pitching for Round Rock Express : RHP Abel Cerejeira
Pitching: RHP Abel Cerejeira
Batting: RHB Melvin Gomez 0-0: Called Strike
0-1: Ball
1-1: Ball
2-1: Ground out 5-3 (Groundball, 56, EV 106.9 MPH)
Batting: RHB Bjoern Waltersson 0-0: Ball
1-0: Called Strike
1-1: Foul Ball, location: 2F
1-2: Ball
2-2: Foul Ball, location: 2F
2-2: Strikes out swinging, 2-3 out at first.
Batting: RHB Andres Mendiola 0-0: Ball
1-0: Called Strike
1-1: Foul Ball, location: 2F
1-2: Ball
2-2: Ball
3-2: Strikes out swinging
Bottom of the 1st over - 0 runs, 0 hits, 0 errors, 0 left on base; Round Rock 2 - Salt Lake 0
TOP OF THE 2ND
Round Rock Express batting - Pitching for Salt Lake Bees : RHP Dave Jackson
Batting: RHB Jerry Jauregui 0-0: Ball
1-0: Ball
2-0: Foul Ball, location: 2F
2-1: Ball
3-1: Base on Balls
Batting: RHB Rick Concha 0-0: Called Strike
0-1: Foul Ball, location: 2F
0-2: Ball
1-2: Ball
2-2: Fielders Choice at 2nd, 5-4 (Groundball, 56, EV 106.2 MPH)
Batting: LHB Alejandro Soriano 0-0: DOUBLE (Flyball, 78XD, EV 109.4 MPH)
Rick Concha to third
Runner from 3rd tries for Home, SAFE, throw by CF to trailing runner, SAFE at third!
Batting: RHB Zhi-bin Ou-yang 0-0: Foul Ball, location: 2F
0-1: Ball
1-1: Swinging Strike
1-2: Foul Ball, location: 2F
1-2: Strikes out swinging
Batting: RHB Doug Hammertime 0-0: Ball
1-0: Ball
2-0: Ball
3-0: Called Strike
3-1: Base on Balls
Batting: RHB Luis Villanueva 0-0: Foul Ball, location: 2F
0-1: Foul Ball, location: 2F
0-2: Strikes out swinging
Top of the 2nd over - 1 run, 1 hit, 0 errors, 2 left on base; Round Rock 3 - Salt Lake 0
BOTTOM OF THE 2ND
Salt Lake Bees batting - Pitching for Round Rock Express : RHP Abel Cerejeira
Batting: LHB Vinny Carreno 0-0: Called Strike
0-1: Ball
1-1: Foul Ball, location: 2F
1-2: Foul Ball, location: 2F
1-2: Ball
2-2: Strikes out swinging
Batting: RHB Guillermo Mojica 0-0: Ball
1-0: Swinging Strike
1-1: Fly out, F7 (Flyball, 7S, EV 85.0 MPH)
Batting: LHB Barrfhionn O'Toole 0-0: Called Strike
0-1: Swinging Strike
0-2: Fly out, F9 (Flyball, 89D, EV 100.6 MPH)
Bottom of the 2nd over - 0 runs, 0 hits, 0 errors, 0 left on base; Round Rock 3 - Salt Lake 0
TOP OF THE 3RD
Round Rock Express batting - Pitching for Salt Lake Bees : RHP Dave Jackson
Batting: SHB Valentin Laporte 0-0: Called Strike
0-1: Ball
1-1: Ball
2-1: Swinging Strike
2-2: Ball
3-2: Fly out, F6 (Popup, 56, EV 73.1 MPH)
Batting: RHB Ernie Weathersbee 0-0: Ball
1-0: Ground out U3 (Groundball, 34S, EV 81.2 MPH)
Batting: RHB Rodolfo Contreras 0-0: Ball
1-0: Foul Ball, location: 2F
1-1: Foul Ball, location: 2F
1-2: Ball
2-2: Ball
3-2: Base on Balls
Batting: RHB Jerry Jauregui 0-0: Ball
Rodolfo Contreras steals 2nd base
1-0: Foul Ball, location: 2F
1-1: Ball
2-1: Ground out 4-3 (Groundball, 4MS, EV 87.5 MPH)
Top of the 3rd over - 0 runs, 0 hits, 0 errors, 1 left on base; Round Rock 3 - Salt Lake 0
BOTTOM OF THE 3RD
Salt Lake Bees batting - Pitching for Round Rock Express : RHP Abel Cerejeira
Batting: SHB Brendan Bundy 0-0: Foul Ball, location: 2F
0-1: Swinging Strike
0-2: Ball
1-2: Ground out 4-3 (Groundball, 4, EV 86.9 MPH)
Batting: LHB Jorge Zermeno 0-0: Ball
1-0: Fly out, F7 (Flyball, 78M, EV 66.2 MPH)
Batting: RHB Justin Noll 0-0: Foul Ball, location: 2F
0-1: Ball
1-1: Ball
2-1: Swinging Strike
2-2: Foul Ball, location: 2F
2-2: Strikes out swinging
Bottom of the 3rd over - 0 runs, 0 hits, 0 errors, 0 left on base; Round Rock 3 - Salt Lake 0
TOP OF THE 4TH
Round Rock Express batting - Pitching for Salt Lake Bees : RHP Dave Jackson
Batting: RHB Rick Concha 0-0: Ground out 4-3 (Groundball, 4, EV 85.6 MPH)
Batting: LHB Alejandro Soriano 0-0: Ball
1-0: Foul Ball, location: 2F
1-1: Swinging Strike
1-2: SINGLE (Line Drive, 89S, EV 86.2 MPH)
Batting: RHB Zhi-bin Ou-yang 0-0: Ball
Alejandro Soriano steals 2nd base
1-0: Foul Ball, location: 2F
1-1: Swinging Strike
1-2: Strikes out swinging
Batting: RHB Doug Hammertime 0-0: Called Strike
0-1: Ball
Alejandro Soriano steals 3rd, throwing error, E2
Alejandro Soriano scores
1-1: SINGLE (Groundball, 56D, EV 103.8 MPH)
Batting: RHB Luis Villanueva 0-0: Called Strike
0-1: Ball
Doug Hammertime steals 2nd base
1-1: Ball
2-1: Ball
Wild Pitch!
Doug Hammertime to third
3-1: Foul Ball, location: 2F
3-2: Foul Ball, location: 2F
3-2: Fly out, F8 (Flyball, 8LM, EV 82.5 MPH)
Top of the 4th over - 1 run, 2 hits, 1 error, 1 left on base; Round Rock 4 - Salt Lake 0
BOTTOM OF THE 4TH
Salt Lake Bees batting - Pitching for Round Rock Express : RHP Abel Cerejeira
Batting: RHB Melvin Gomez 0-0: Ball
1-0: Called Strike
1-1: Ball
2-1: Foul Ball, location: 2F
2-2: Ball
3-2: Strikes out swinging
Batting: RHB Bjoern Waltersson 0-0: Ball
1-0: Ball
2-0: Ball
3-0: Called Strike
3-1: Base on Balls
Batting: RHB Andres Mendiola 0-0: Fly out, F8 (Flyball, 8RM, EV 96.9 MPH)
Batting: LHB Vinny Carreno 0-0: Called Strike
0-1: Called Strike
0-2: Fielders Choice at 2nd, U6 (Groundball, 6M, EV 102.5 MPH)
Bottom of the 4th over - 0 runs, 0 hits, 0 errors, 1 left on base; Round Rock 4 - Salt Lake 0
TOP OF THE 5TH
Round Rock Express batting - Pitching for Salt Lake Bees : RHP Dave Jackson
Batting: SHB Valentin Laporte 0-0: Called Strike
0-1: Called Strike
0-2: Strikes out looking
Batting: RHB Ernie Weathersbee 0-0: TRIPLE (Line Drive, 89XD, EV 105.0 MPH)
Batting: RHB Rodolfo Contreras 0-0: Ball
1-0: Called Strike
1-1: Ball
2-1: SINGLE (Line Drive, 34, EV 96.9 MPH)
Ernie Weathersbee scores
Pitching: RHP Nick Madrid
Batting: RHB Jerry Jauregui 0-0: Ball
Rodolfo Contreras steals 2nd base
1-0: Called Strike
1-1: Called Strike
1-2: Ball
2-2: Ball
3-2: Fly out, F7 (Flyball, 78D, EV 81.2 MPH)
Batting: RHB Rick Concha 0-0: Called Strike
0-1: Ball
1-1: Ball
2-1: Ball
3-1: Ground out 6-3 (Groundball, 6M, EV 78.8 MPH)
Top of the 5th over - 1 run, 2 hits, 0 errors, 1 left on base; Round Rock 5 - Salt Lake 0
BOTTOM OF THE 5TH
Salt Lake Bees batting - Pitching for Round Rock Express : RHP Abel Cerejeira
Batting: RHB Guillermo Mojica 0-0: Ball
1-0: Swinging Strike
1-1: Ball
2-1: Swinging Strike
2-2: Strikes out looking
Batting: LHB Barrfhionn O'Toole 0-0: Called Strike
0-1: Swinging Strike
0-2: Strikes out looking
Batting: SHB Brendan Bundy 0-0: Ball
1-0: Called Strike
1-1: Ball
2-1: Ball
3-1: Base on Balls
Pitching: RHP Danny Walker
Batting: LHB Jorge Zermeno 0-0: Ball
Pickoff Throw to First - Error! E1
Brendan Bundy to second
1-0: Foul Ball, location: 2F
1-1: Foul Ball, location: 2F
1-2: Ball
2-2: Ball
3-2: Strikes out swinging
Bottom of the 5th over - 0 runs, 0 hits, 1 error, 1 left on base; Round Rock 5 - Salt Lake 0
TOP OF THE 6TH
Round Rock Express batting - Pitching for Salt Lake Bees : RHP Nick Madrid
Batting: LHB Alejandro Soriano 0-0: Called Strike
0-1: Ball
1-1: Foul Ball, location: 2F
1-2: SINGLE (Groundball, 4S, EV 71.2 MPH) (infield hit)
Batting: RHB Zhi-bin Ou-yang 0-0: Called Strike
0-1: Ball
Alejandro Soriano steals 2nd base
1-1: Ball
2-1: Called Strike
2-2: Ball
3-2: Foul Ball, location: 2F
3-2: Base on Balls
Batting: RHB Doug Hammertime 0-0: Ball
1-0: Called Strike
1-1: Ball
Alejandro Soriano steals 3rd base (no throw)
2-1: Ball
3-1: Called Strike
3-2: Grounds into double play, 1-4-3 (Groundball, 15S, EV 75.0 MPH)
Batting: RHB Luis Villanueva 0-0: Ball
1-0: Called Strike
1-1: Foul Ball, location: 2F
1-2: Foul Ball, location: 2F
1-2: Ball
2-2: Ball
3-2: Foul Ball, location: 2F
3-2: Foul Ball, location: 2F
3-2: Ground out U3 (Groundball, 34S, EV 86.9 MPH)
Top of the 6th over - 0 runs, 1 hit, 0 errors, 1 left on base; Round Rock 5 - Salt Lake 0
BOTTOM OF THE 6TH
Salt Lake Bees batting - Pitching for Round Rock Express : RHP Danny Walker
Batting: RHB Justin Noll 0-0: Ground out 6-3 (Groundball, 6, EV 90.0 MPH)
Batting: RHB Melvin Gomez 0-0: Called Strike
0-1: Foul Ball, location: 2F
0-2: Ball
1-2: Ball
2-2: Foul Ball, location: 2F
2-2: Foul Ball, location: 2F
2-2: Ball
3-2: Ground out 6-3 (Groundball, 56D, EV 83.1 MPH)
Batting: RHB Bjoern Waltersson 0-0: Swinging Strike
0-1: Ball
1-1: Ground out 6-3 (Groundball, 6, EV 91.2 MPH)
Bottom of the 6th over - 0 runs, 0 hits, 0 errors, 0 left on base; Round Rock 5 - Salt Lake 0
TOP OF THE 7TH
Round Rock Express batting - Pitching for Salt Lake Bees : RHP Nick Madrid
Batting: SHB Valentin Laporte 0-0: Foul Ball, location: 2F
0-1: Ball
1-1: Swinging Strike
1-2: Ball
2-2: Foul Ball, location: 2F
2-2: Fly out, F8 (Flyball, 8LS, EV 89.4 MPH)
Batting: RHB Ernie Weathersbee 0-0: Foul Ball, location: 2F
0-1: Reached on error, E5 (Groundball, 56, EV 98.1 MPH)
Pitching: RHP Jose Alvarado
Batting: RHB Rodolfo Contreras 0-0: Ball
1-0: Ball
2-0: Ball
3-0: Called Strike
3-1: Base on Balls
Ernie Weathersbee to second
Batting: RHB Jerry Jauregui 0-0: Ball
1-0: Ball
2-0: Ball
3-0: Called Strike
3-1: Base on Balls
Ernie Weathersbee to third
Rodolfo Contreras to second
Batting: RHB Rick Concha 0-0: Ball
1-0: Fly out, F9 (Flyball, 89XD, EV 104.4 MPH)
Runner from 3rd tags up, SCORES, no throw by RF
Rodolfo Contreras to third
Batting: LHB Alejandro Soriano 0-0: Ball
1-0: Foul Ball, location: 2F
1-1: Called Strike
1-2: Fly out, F5 (Popup, 56S, EV 81.2 MPH)
Top of the 7th over - 1 run, 0 hits, 1 error, 2 left on base; Round Rock 6 - Salt Lake 0
BOTTOM OF THE 7TH
Salt Lake Bees batting - Pitching for Round Rock Express : RHP Danny Walker
Batting: RHB Andres Mendiola 0-0: Ball
1-0: Swinging Strike
1-1: Ground out 6-3 (Groundball, 6, EV 97.5 MPH)
Batting: LHB Vinny Carreno 0-0: Ball
1-0: Ground out 2-3 (Groundball, 13S, EV 70.0 MPH)
Batting: RHB Guillermo Mojica 0-0: Called Strike
0-1: Hit by Pitch
Batting: LHB Barrfhionn O'Toole 0-0: Called Strike
0-1: Called Strike
0-2: Ball
1-2: Ground out 4-3 (Groundball, 4, EV 85.0 MPH)
Bottom of the 7th over - 0 runs, 0 hits, 0 errors, 1 left on base; Round Rock 6 - Salt Lake 0
TOP OF THE 8TH
Round Rock Express batting - Pitching for Salt Lake Bees : RHP Jose Alvarado
Batting: RHB Zhi-bin Ou-yang 0-0: SINGLE (Line Drive, 89S, EV 97.5 MPH)
Batting: RHB Doug Hammertime 0-0: Ball
1-0: Foul Ball, location: 2F
1-1: Ball
Zhi-bin Ou-yang steals 2nd base
2-1: Ball
3-1: Base on Balls
Batting: RHB Luis Villanueva 0-0: Called Strike
0-1: Ball
1-1: Foul Ball, location: 2F
1-2: Ball
2-2: Fly out, F8 (Flyball, 8LXD, EV 108.8 MPH)
Runner from 2nd tags up, SAFE at 3rd, no throw by CF
Batting: SHB Valentin Laporte 0-0: Ball
1-0: Ball
2-0: SINGLE (Groundball, 56D, EV 108.8 MPH)
Zhi-bin Ou-yang scores
Doug Hammertime to second
Batting: RHB Ernie Weathersbee 0-0: Ball
1-0: Called Strike
1-1: Called Strike
1-2: Fly out, F9 (Flyball, 9, EV 83.8 MPH)
Batting: RHB Rodolfo Contreras 0-0: Called Strike
0-1: Foul Ball, location: 2F
0-2: Ball
1-2: Foul Ball, location: 2F
1-2: Foul Ball, location: 2F
1-2: Foul Ball, location: 2F
1-2: Fly out, F8 (Line Drive, 8RD, EV 83.1 MPH)
Top of the 8th over - 1 run, 2 hits, 0 errors, 2 left on base; Round Rock 7 - Salt Lake 0
BOTTOM OF THE 8TH
Salt Lake Bees batting - Pitching for Round Rock Express : RHP Danny Walker
Pinch Hitting: LHB Tyler Meier 0-0: Called Strike
0-1: Foul Ball, location: 2F
0-2: Fly out, F5 (Line Drive, 5, EV 75.0 MPH)
Batting: LHB Jorge Zermeno 0-0: Ball
1-0: Ball
2-0: Called Strike
2-1: Called Strike
2-2: Strikes out swinging
Batting: RHB Justin Noll 0-0: Ball
1-0: Ground out 5-3 (Groundball, 5S, EV 72.5 MPH)
Bottom of the 8th over - 0 runs, 0 hits, 0 errors, 0 left on base; Round Rock 7 - Salt Lake 0
TOP OF THE 9TH
Round Rock Express batting - Pitching for Salt Lake Bees : RHP Jose Alvarado
Now in LF: Tyler Meier
Batting: RHB Jerry Jauregui 0-0: Ball
1-0: Called Strike
1-1: Swinging Strike
1-2: Ball
2-2: Fly out, F3 (Popup, 23F, EV 78.1 MPH)
Batting: RHB Rick Concha 0-0: Foul Ball, location: 2F
0-1: Ball
1-1: Swinging Strike
1-2: Ball
2-2: Ball
3-2: Foul Ball, location: 2F
3-2: Foul Ball, location: 2F
3-2: Base on Balls
Pitching: RHP Owen Prouty
Batting: LHB Alejandro Soriano 0-0: Fielders Choice at 2nd, 4-6 (Groundball, 4, EV 86.2 MPH)
Batting: RHB Zhi-bin Ou-yang 0-0: Called Strike
Alejandro Soriano steals 2nd base
0-1: Ground out 5-3 (Groundball, 56S, EV 86.2 MPH)
Top of the 9th over - 0 runs, 0 hits, 0 errors, 1 left on base; Round Rock 7 - Salt Lake 0
BOTTOM OF THE 9TH
Salt Lake Bees batting - Pitching for Round Rock Express : RHP Danny Walker
Batting: RHB Melvin Gomez 0-0: Ball
1-0: Foul Ball, location: 2F
1-1: Ball
2-1: Foul Ball, location: 2F
2-2: SINGLE (Flyball, 8LS, EV 90.6 MPH)
Batting: RHB Bjoern Waltersson 0-0: Called Strike
0-1: Fielders Choice at 2nd, 4-6 (Groundball, 4, EV 91.9 MPH)
Batting: RHB Andres Mendiola 0-0: Swinging Strike
0-1: Ball
1-1: Called Strike
1-2: Foul Ball, location: 2F
1-2: Fielders Choice at 2nd, 6-4 (Groundball, 6, EV 83.8 MPH)
Batting: LHB Vinny Carreno 0-0: Fly out, F9 (Line Drive, 9, EV 99.4 MPH)
Bottom of the 9th over - 0 runs, 1 hit, 0 errors, 1 left on base; Round Rock 7 - Salt Lake 0
Wednesday, June 22nd , 2022 - OOTP Baseball 23.4 Build 64